 Dungeon Crawl Stone Soup version 0.27.1 (webtiles) character file.

Game seed: 13082189053903000258

11284 Atelerd the Thaumaturge (level 11, -5/64 HPs)
             Began as an Octopode Earth Elementalist on Sept 1, 2021.
             Was an Initiate of Sif Muna.
             Slain by Snorg (13 damage)
             ... on level 10 of the Dungeon.
             The game lasted 00:29:41 (16386 turns).

Atelerd the Thaumaturge (OpEE)                     Turns: 16386, Time: 00:29:42

Health: -5/64      AC:  1    Str:  9    XL:     11   Next: 75%
Magic:  37/43      EV: 14    Int: 32    God:    Sif Muna [......]
Gold:   641        SH:  0    Dex: 12    Spells: 16/30 levels left

rFire    . . .     SeeInvis +   q - +3 short sword
rCold    . . .     Faith    .   (no shield)
rNeg     + . .     Spirit   .   (helmet restricted)
rPois    +         Reflect  .   (no amulet)
rElec    .         Harm     .   h - ring of positive energy
rCorr    .         Rampage  .   n - +6 ring of intelligence
Will     +....                  p - ring of poison resistance
Stlth    +++++.....             G - +6 ring of intelligence
HPRegen  0.20/turn              g - ring of magical power
MPRegen  0.28/turn              E - ring of magical power
                                B - ring of see invisible
                                I - ring of willpower

@: hasted, very quick
A: almost no armour, amphibious, 8 rings, camouflage 1, gelatinous body 1,
(nimble swimmer 1), tentacles
a: Renounce Religion


You were on level 10 of the Dungeon.
You worshipped Sif Muna.
Sif Muna was noncommittal.
You visited 3 branches of the dungeon, and saw 12 of its levels.

You collected 641 gold pieces.

Inventory:

Hand Weapons
 a - a +0 dagger
 q - a +3 short sword (weapon)
Missiles
 b - 229 stones
 y - 4 throwing nets
Jewellery
 g - a ring of magical power (on tentacle)
 h - a ring of positive energy (left tentacle)
 n - a +6 ring of intelligence (right tentacle)
 p - a ring of poison resistance (on tentacle)
 w - a ring of fire
 B - a ring of see invisible (on tentacle)
 E - a ring of magical power (on tentacle)
 G - a +6 ring of intelligence (on tentacle)
 H - a ring of resist corrosion
 I - a ring of willpower (on tentacle)
Wands
 s - a wand of charming (9)
 u - a wand of polymorph (7)
 x - a wand of iceblast (13)
Scrolls
 d - a scroll of enchant armour
 e - 2 scrolls of immolation
 f - 2 scrolls of silence
 j - 2 scrolls of noise
 l - a scroll of fog {unknown}
 o - a scroll of magic mapping
 t - 4 scrolls of teleportation
 A - 3 scrolls of identify
 C - 2 scrolls of vulnerability {unknown}
 D - 2 scrolls of acquirement {unknown}
 F - 3 scrolls of amnesia {unknown}
 J - a scroll of enchant weapon {unknown}
Potions
 i - 2 potions of degeneration {unknown}
 k - a potion of lignification {unknown}
 m - 3 potions of curing
 v - 2 potions of cancellation
 z - a potion of might


   Skills:
 - Level 2.0 Fighting
 - Level 3.0 Short Blades
 - Level 5.0 Dodging
 - Level 9.0 Stealth
 - Level 10.0 Spellcasting
 + Level 1.1 Conjurations
 - Level 4.0 Necromancy
 - Level 2.0 Translocations
 - Level 6.0 Transmutations
 - Level 8.0 Earth Magic
 * Level 6.6 Invocations


You had 16 spell levels left.
You knew the following spells:

 Your Spells              Type           Power      Damage    Failure   Level
a - Sandblast             Erth           100%       2d20      1%          1
b - Dispel Undead         Necr           41%        3d16      6%          4
c - Blink                 Tloc           N/A        N/A       1%          2
p - Petrify               Tmut/Erth      57%        N/A       1%          4
s - Stone Arrow           Conj/Erth      90%        3d12      1%          3

Your spell library contained the following spells:

 Spells                   Type           Power      Damage    Failure   Level
 Animate Skeleton         Necr           82%        N/A       1%          1
 Apportation              Tloc           56%        N/A       1%          1
 Passwall                 Tmut/Erth      47%        N/A       1%          2
 Foxfire                  Conj/Fire      76%        2x1d7     2%          1
 Corona                   Hex            17%        N/A       3%          1
 Summon Small Mammal      Summ           64%        N/A       3%          1
 Static Discharge         Conj/Air       19%        N/A       3%          2
 Gell's Gravitas          Tloc           14%        N/A       4%          3
 Lesser Beckoning         Tloc           14%        N/A       4%          3
 Teleport Other           Tloc           28%        N/A       4%          3
 Portal Projectile        Hex/Tloc       44%        N/A       6%          3
 Conjure Flame            Conj/Fire      19%        6-21      7%          3
 Blade Hands              Tmut           26%        N/A       7%          5
 Inner Flame              Hex/Fire       16%        N/A       9%          3
 Summon Guardian Golem    Hex/Summ       16%        N/A       9%          3
 Excruciating Wounds      Necr           20%        N/A       16%         5
 Sticky Flame             Conj/Fire      19%        2d4       24%         4
 Manifold Assault         Tloc           28%        N/A       36%         5
 Lightning Bolt           Conj/Air       9%         1d22      54%         5
 Orb of Destruction       Conj           11%        9d5       100%        7
 Spellforged Servitor     Conj/Summ      9%         N/A       100%        7
 Maxwell's Capacitive Co  Air            8%         ∞         100%        8


Dungeon Overview and Level Annotations

Branches:
Dungeon (10/15)            Temple (1/1) D:5            Lair (1/6) D:8
    Orc: D:9-12

Altars:
Ashenzari
Cheibriados
Dithmenos
Elyvilon
Fedhas
Gozag
Kikubaaqudgha
Makhleb
Nemelex Xobeh
Okawaru
Qazlal
Ru
Sif Muna
Trog
Vehumet
Wu Jian
Xom
Zin
The Shining One

Shops:
D:5 :(   D:8 [

Annotations:
D:2 exclusion: downstairs
D:3 exclusion: downstairs
D:8 2 transporters, mys's ghost, novice TrFi
D:10 Snorg


Innate Abilities, Weirdness & Mutations

You cannot wear most types of armour.
You are amphibious.
You can wear up to eight rings at the same time.
Your skin changes colour to match your surroundings (Stealth+).
Your rubbery body absorbs attacks. (AC +1, EV +1)
((You are camouflaged near water. (Stealth+)))
You have tentacles for arms and can constrict up to eight enemies at once.


Message History

Snorg claws you!
Casting: Petrify (dangerous; 1% risk of failure)
Confirm with . or Enter, or press ? or * to list all spells.
Aiming: Sandblast (safe; 1% risk of failure)
Press: ? - help, Shift-Dir - straight line, f/p - Snorg
Aim: Snorg (petrifying slowly, 100% to hit)
The blast of sand hits Snorg.
Snorg is lightly wounded.
Snorg stops moving altogether!
Casting: Sandblast (safe; 1% risk of failure)
Confirm with . or Enter, or press ? or * to list all spells.
Aiming: Sandblast (safe; 1% risk of failure)
Press: ? - help, Shift-Dir - straight line, f/p - Snorg
Aim: Snorg (lightly wounded, petrified, 100% to hit)
The blast of sand hits Snorg!
Snorg is lightly wounded.
The helpless Snorg fails to defend herself.
You impale Snorg!!
Snorg is lightly wounded.
The helpless Snorg fails to defend herself.
You impale Snorg!!
Snorg is moderately wounded.
The helpless Snorg fails to defend herself.
You impale Snorg!!
Snorg is heavily wounded.
The helpless Snorg fails to defend herself.
You impale Snorg!! You squeeze Snorg.
Snorg is heavily wounded.
Snorg is no longer petrified.
Snorg bites you!! Snorg claws you! x2
* * * LOW HITPOINT WARNING * * *
You are too injured to fight recklessly!
You are too injured to fight recklessly!
Unknown command.
As you read the scroll of fear, it crumbles to dust.
You assume a fearsome visage.
Snorg resists with almost no effort.
Snorg completely misses you. Snorg claws you but does no damage.
Snorg barely misses you.
Okay, then.
You feel yourself speed up. Snorg bites you!
You die...

#### ####.## ..# #...#
######.########+####
#........#..†....#..
#........#.#####.#.#
#(.......#.# #...#
###........#.### ###.#
#..............#...#..
#..#..@......##.#.#
###
#..##..T.....#.....#
...# ###.########'###
#### #.# #..# #.#
##.### #!. #...## ##..
###..# #'# ###'### ..
#......


You could see Snorg.

Vanquished Creatures
  Harold (D:7)
  A two-headed ogre (D:9)
  Pikel (D:7)
  Joseph (D:8)
  Maurice (D:8)
  4 cane toads (Lair:1)
  A komodo dragon (Lair:1)
  A rime drake (Lair:1)
  Grinder (D:4)
  Prince Ribbit (D:8)
  5 yaks
  2 wyverns
  A basilisk (Lair:1)
  A steam dragon (D:8)
  An acid dragon (D:9)
  5 water moccasins
  An ice beast (D:6)
  5 orc warriors
  A sky beast (D:7)
  A necrophage (D:4)
  6 black bears
  An ogre (D:6)
  5 centaurs
  2 phantoms
  A lemure (D:7)
  7 bullfrogs
  A kobold brigand (D:7)
  A gnoll sergeant (D:7)
  4 scorpions
  A water moccasin skeleton (D:7)
  19 killer bees
  3 howler monkeys
  4 centaur zombies
  2 orc priests
  A gnoll shaman (D:7)
  2 jellies
  A centaur skeleton (D:7)
  3 hounds
  4 iguanas
  3 orc wizards
  A killer bee zombie (D:6)
  2 hound skeletons
  2 howler monkey zombies
  9 gnolls (D:7)
  A howler monkey skeleton (D:7)
  5 adders
  2 shadow imps
  An adder skeleton (D:4)
  A worm (D:2)
  A dart slug (D:3)
  21 orcs
  5 bats
  5 endoplasms
  4 giant cockroaches
  10 goblins
  4 hobgoblins
  6 jackals
  5 quokkas
  5 ball pythons
  2 frilled lizards
  A jackal skeleton (D:4)
  11 kobolds
  8 rats
219 creatures vanquished.

Vanquished Creatures (others)
  58 fungi (D:8)
  55 plants
113 creatures vanquished.

Grand Total: 332 creatures vanquished

Notes
Turn   | Place    | Note
-------+----------+-------------------------------------------
     0 | D:1      | Atelerd the Octopode Earth Elementalist began the quest for
                  | the Orb.
     0 | D:1      | Reached XP level 1. HP: 11/11 MP: 3/3
   269 | D:1      | Reached XP level 2. HP: 14/17 MP: 1/5
  1293 | D:1      | Reached XP level 3. HP: 19/21 MP: 3/6
  1797 | D:2      | HP: 1/21 [jackal (1)]
  2273 | D:2      | Reached XP level 4. HP: 23/27 MP: 6/8
  2361 | D:2      | Found Ceareo's Jewellery Shoppe.
  3092 | D:2      | Found a faded altar of an unknown god.
  3202 | D:2      | Learned a level 4 spell: Petrify
  4203 | D:3      | Reached skill level 3 in Spellcasting
  4251 | D:3      | Reached XP level 5. HP: 6/31 MP: 3/9
  4697 | D:4      | Noticed a black bear
  5102 | D:4      | HP: 1/31 [hobgoblin (8)]
  5468 | D:4      | Noticed a necrophage
  5474 | D:4      | Killed a necrophage
  5475 | D:4      | Reached XP level 6. HP: 30/36 MP: 6/11
  5978 | D:4      | Found a white marble altar of Elyvilon.
  5978 | D:4      | Found a glowing silver altar of Zin.
  5979 | D:4      | Found a glowing golden altar of the Shining One.
  6169 | D:4      | Noticed Grinder
  6185 | D:5      | Entered Level 5 of the Dungeon
  6328 | D:5      | Reached skill level 4 in Spellcasting
  6461 | D:5      | Noticed a black bear
  6539 | D:5      | Killed a black bear
  6540 | D:5      | Reached skill level 5 in Earth Magic
  6540 | D:5      | Reached XP level 7. HP: 41/41 MP: 8/13
  6626 | D:5      | Found a staircase to the Ecumenical Temple.
  6908 | D:5      | Found Pegane's Weapon Shoppe.
  7035 | D:5      | Found a sparkling altar of Nemelex Xobeh.
  7102 | D:5      | You fall into a shaft and drop 2 floors!
  7134 | D:7      | Reached skill level 5 in Stealth
  7171 | D:7      | Reached skill level 5 in Spellcasting
  7171 | D:7      | Reached XP level 8. HP: 32/46 MP: 3/15
  7311 | D:7      | You fall into a shaft and drop 2 floors!
  7336 | D:8      | Found Xoging's Armour Shop.
  7341 | D:8      | Found a transporter.
  7341 | D:8      | Found a transporter.
  7344 | D:8      | Noticed mys's ghost (novice TrFi)
  7367 | D:8      | Noticed Joseph
  7760 | D:8      | Reached skill level 1 in Fighting
  7760 | D:8      | Reached skill level 1 in Short Blades
  8029 | D:8      | Killed Joseph
  8030 | D:8      | Reached XP level 9. HP: 52/54 MP: 5/17
  8121 | D:8      | Reached skill level 5 in Dodging
  8325 | D:8      | Reached skill level 6 in Spellcasting
  8417 | D:8      | Found a staircase to the Lair.
  8425 | Lair:1   | Entered Level 1 of the Lair of Beasts
  8819 | Lair:1   | Learned a level 2 spell: Blink
  8927 | Lair:1   | Noticed a cane toad
  8938 | Lair:1   | Killed a cane toad
  8939 | Lair:1   | Reached skill level 7 in Spellcasting
  8975 | Lair:1   | Noticed a rime drake
  8984 | Lair:1   | Killed a rime drake
  8985 | Lair:1   | Reached skill level 8 in Spellcasting
  9185 | Lair:1   | Noticed a cane toad
  9197 | Lair:1   | Killed a cane toad
  9267 | Lair:1   | Noticed a cane toad
  9269 | Lair:1   | Noticed a cane toad
  9279 | Lair:1   | Killed a cane toad
  9280 | Lair:1   | Reached skill level 9 in Spellcasting
  9280 | Lair:1   | Reached XP level 10. HP: 58/60 MP: 15/23
  9285 | Lair:1   | Killed a cane toad
  9429 | Lair:1   | Reached skill level 1 in Translocations
  9603 | D:8      | Noticed Maurice
  9610 | D:8      | Killed Maurice
  9611 | D:8      | Reached skill level 10 in Spellcasting
  9908 | D:7      | Noticed Pikel
  9923 | D:7      | Killed Pikel
  9924 | D:7      | Reached skill level 5 in Transmutations
 10111 | D:7      | Noticed Harold
 10124 | D:7      | Killed Harold
 10143 | D:7      | Learned a level 4 spell: Dispel Undead
 10310 | D:7      | Reached skill level 1 in Necromancy
 10310 | D:7      | Reached XP level 11. HP: 38/64 MP: 4/25
 10961 | Temple   | Entered the Ecumenical Temple
 11048 | Temple   | Became a worshipper of Sif Muna the Loreminder
 11151 | D:5      | Found Vuimulipn's Book Shoppe.
 11686 | D:4      | Killed Grinder
 11687 | D:4      | Reached skill level 1 in Invocations
 12210 | D:6      | Found an iron altar of Okawaru.
 12890 | D:7      | Found a broken altar of Ashenzari.
 13400 | D:8      | Noticed Prince Ribbit
 13530 | D:8      | Killed Prince Ribbit
 14251 | D:9      | Noticed a two-headed ogre
 14266 | D:9      | Killed a two-headed ogre
 14376 | D:9      | Found an ancient bone altar of Kikubaaqudgha.
 14445 | D:9      | HP: 2/64 [acid dragon (5)]
 14984 | D:9      | Reached skill level 5 in Invocations
 15787 | D:10     | Entered Level 10 of the Dungeon
 15947 | D:10     | Learned a level 3 spell: Stone Arrow
 15954 | D:10     | Noticed Snorg
 16108 | D:10     | Reached skill level 1 in Conjurations
 16386 | D:10     | Slain by Snorg

Illustrated notes

Levels and vault maps discovered:
D:1:      dpeg_arrival_brainrot, layout_loops_ring
D:2:      layout_basic, serial_shops, nicolae_lakefront_shop,
          ebering_ecumenical_altar_mist, st_stairs_12,
          ebering_dispersal_statue_hall, chequers_serial_rivers_room_a
D:3:      layout_basic
D:4:      layout_gridville, good_gods_temple_1, kennysheep_generic_room_10,
          uniq_grinder
D:5:      layout_basic, nemelex_xobeh_ov_fountains_minmay,
          minmay_temple_entry_wispy, serial_shops, kennysheep_mini_moat,
          minmay_shop_grid_forest
D:6:      layout_basic, kennysheep_okawaru_gauntlet
D:7:      layout_loops_ring, nicolae_overflow_hidden_temple, minmay_circle_x,
          uniq_pikel, uniq_harold
D:8:      layout_basic, due_lair_maze_entry_diamond, serial_shops,
          nicolae_shop_crystal, gammafunk_ghost_hive, uniq_maurice,
          uniq_prince_ribbit1, uniq_joseph
D:9:      layout_stronghold, mainiacjoe_overflow_boulevard
D:10:     layout_roguey, minitemple, orc_0_dummy, uniq_snorg
Temple:   minmay_temple_bridge_abc
Lair:1:   layout_roguey, minmay_stone_trees_small, serial_bayou_shore_b,
          lemuel_fruit_tree

Skill      XL: |  1  2  3  4  5  6  7  8  9 10 11 |
---------------+----------------------------------+-----
Transmutations | 2 3 4 6 |  6.0
Spellcasting   | 3 4 5 9 10 | 10.0
Earth Magic    | 4 5 6 7 8 |  8.0
Stealth        | 3 5 7 9 |  9.0
Fighting       | 2 |  2.0
Short Blades   | 2 3 |  3.0
Dodging        | 4 5 |  5.0
Translocations | 2 |  2.0
Necromancy     | 1 4 |  4.0
Invocations    | 6 |  6.6
Conjurations   | 1 |  1.1

Action                   |  1- 3 |  4- 6 |  7- 9 | 10-12 || total
-------------------------+-------+-------+-------+-------++-------
Melee: Unarmed           |    21 |       |       |       ||    21
       Tentacles         |    11 |    10 |    16 |    44 ||    81
       Constrict         |    14 |    17 |    18 |    27 ||    76
       Dagger            |    51 |    91 |     4 |       ||   146
       Short sword       |       |       |    84 |   187 ||   271
 Cast: Sandblast         |    21 |    60 |    55 |   115 ||   251
       Petrify           |       |     1 |    25 |    56 ||    82
       Stone Arrow       |       |       |       |     4 ||     4
  Use: Potion            |       |     1 |       |     4 ||     5
       Scroll            |       |       |     6 |     4 ||    10
 Stab: Sleeping          |    11 |     5 |     3 |     9 ||    28
       Petrified         |       |     7 |    55 |    79 ||   141
       Petrifying        |       |       |     5 |     4 ||     9
       Distracted        |       |       |       |     1 ||     1
Armor: Skin              |     9 |     8 |     4 |    11 ||    32
Dodge: Dodged            |    73 |    76 |    52 |   145 ||   346
